 Dungeon Crawl Stone Soup version 0.20.1-1-g8b1a95d (webtiles) character file.

228 vatarom the Bolt Thrower (level 5, 0/41 HPs)
             Began as a Demonspawn Hunter on Oct 5, 2017.
             Was an Initiate of Ru.
             Succumbed to a scorpion's poison
             ... on level 3 of the Dungeon.
             The game lasted 00:08:56 (2913 turns).

vatarom the Bolt Thrower (Demonspawn Hunter)        Turns: 2913, Time: 00:08:57

Health: 0/41       AC:  4    Str: 10 (13) XL:     5   Next: 70%
Magic:  14/14      EV: 12    Int: 11 (12) God:    Ru [......]
Gold:   73         SH:  0    Dex: 13 (14) Spells: 4/4 levels left

rFire    . . .     SeeInvis .   a - +2 hand crossbow
rCold    . . .     Gourm    .   (no shield)
rNeg     . . .     Faith    .   o - +0 leather armour
rPois    .         Spirit   .   (helmet restricted)
rElec    .         Reflect  .   (no cloak)
rCorr    .         Harm     .   (no gloves)
MR       .....                  l - +0 pair of boots
Stlth    +.........             (no amulet)
Regen    0.2/turn               e - ring of magical power
MPRegen  0.2/turn               (no ring)

@: lethally poisoned (0 -> -26), very slightly contaminated, invisible
A: horns 2, powered by death 1
a: Renounce Religion


You were on level 3 of the Dungeon.
You worshipped Ru.
Ru was noncommittal.
You were hungry.

You visited 1 branch of the dungeon, and saw 4 of its levels.

You collected 73 gold pieces.

Inventory:

Hand Weapons
 a - a +2 hand crossbow (weapon)
 b - a +0 short sword
Missiles
 d - 2 bolts (quivered)
Armour
 c - a +1 leather armour
 l - a +0 pair of boots (worn)
 o - a +0 leather armour (worn)
Jewellery
 e - a ring of magical power (left hand)
Wands
 m - a wand of lightning (5/15)
Scrolls
 h - 3 scrolls of teleportation
 j - a scroll of blinking
 p - a scroll of remove curse
 s - a scroll of enchant weapon
 t - a scroll of identify
Potions
 i - a potion of haste
Comestibles
 f - a bread ration
 g - a meat ration
 k - 2 royal jellies
 q - 2 fruits


   Skills:
 + Level 3.5 Fighting
 * Level 5.1 Crossbows
 + Level 2.2 Armour
 - Level 1.7 Dodging
 - Level 0.8 Stealth


You had 4 spell levels left.
You didn't know any spells.

Dungeon Overview and Level Annotations

Branches:
Dungeon (4/15)
 Temple: D:4-7

Altars:
Elyvilon
Nemelex Xobeh
Ru
Yredelemnul
The Shining One

Annotations:
D:3 raikaria's ghost, amateur OgGl


Innate Abilities, Weirdness & Mutations

You have a pair of horns on your head.
You regenerate a little health from kills.


Message History

Firing (i - inventory):
d - 3 bolts (quivered)
Press: ? - help, Shift-Dir - straight line, f/p - scorpion
Aim: a scorpion (almost dead)
You shoot a bolt. The bolt hits the scorpion.
You kill the scorpion!
You feel your dexterity returning.
Your Crossbows skill increases to level 5!
* * * LOW HITPOINT WARNING * * *
You feel very sick.
Firing (i - inventory):
d - 2 bolts (quivered)
Press: ? - help, Shift-Dir - straight line, f - you Really target yourself?
Okay, then.
* * * LOW HITPOINT WARNING * * *
You feel very sick.
Things that are here:
5 bolts; a scorpion corpse
* * * LOW HITPOINT WARNING * * *
You feel sick.
You die...

##. ##.. #... ##..
######### ##. #.......###
##.
####.##......#######.#
##.##.##.##.#.......[#.
#(..(.@..##.#.......#.#
####(##)#####.##.####...#
#............>##.##.....#
#.##.##.########.##.#....
#.##.##.########.##.#..##
#.##.##.#..............##
#.##.##.#.......###......
#.##.##)#.......###.#.#..
#.......#...........#>#.#


There were no monsters in sight!

Vanquished Creatures
  A scorpion (D:3)
  7 adders
  A howler monkey skeleton (D:3)
  3 worms
  2 dart slugs
  4 leopard geckos
  4 orcs
  3 ball pythons (D:2)
  2 giant cockroaches
  11 goblins
  3 hobgoblins
  15 jackals
  6 bats
  6 frilled lizards
  12 kobolds
  10 rats
90 creatures vanquished.

Notes
Turn   | Place    | Note
-------+----------+-------------------------------------------
     0 | D:1      | vatarom the Demonspawn Hunter began the quest for the Orb.
     0 | D:1      | Reached XP level 1. HP: 16/16 MP: 1/1
   181 | D:1      | Gained mutation: You have a pair of small horns on your head. [demonic ancestry]
   181 | D:1      | Reached XP level 2. HP: 20/22 MP: 2/2
   277 | D:1      | Reached skill level 1 in Armour
   823 | D:2      | Gained mutation: You regenerate a little health from kills. [demonic ancestry]
   823 | D:2      | Reached XP level 3. HP: 28/28 MP: 3/3
   946 | D:2      | Reached skill level 4 in Crossbows
  1076 | D:2      | Found a white marble altar of Elyvilon.
  1087 | D:2      | Reached XP level 4. HP: 34/34 MP: 4/4
  1196 | D:2      | Found a sacrificial altar of Ru.
  1463 | D:2      | Became a worshipper of Ru the Awakened
  1874 | D:3      | Noticed raikaria's ghost (amateur OgGl)
  2264 | D:3      | Found a faded altar of an unknown god.
  2343 | D:3      | Found a sparkling altar of Nemelex Xobeh.
  2355 | D:3      | Gained mutation: You have a pair of horns on your head. [demonic ancestry]
  2355 | D:3      | Reached XP level 5. HP: 41/41 MP: 5/5
  2410 | D:3      | Found a glowing golden altar of the Shining One.
  2563 | D:3      | Found a basalt altar of Yredelemnul.
  2910 | D:3      | Reached skill level 5 in Crossbows
  2912 | D:3      | HP: 2/41 [poisoned by a scorpion]
  2913 | D:3      | Succumbed to a scorpion's poison

Skill      XL: |  1  2  3  4  5 |
---------------+----------------+-----
Armour         | 1 2 |  2.2
Crossbows      | 4 5 |  5.1
Fighting       | 3 |  3.5
Dodging        | |  1.7
Stealth        | |  0.8

Action                   |  1- 3 |  4- 6 || total
-------------------------+-------+-------++-------
 Fire: Hand crossbow     |    85 |   114 ||   199
  Use: Scroll            |     4 |     5 ||     9
       Potion            |       |     4 ||     4
  Eat: Bread ration      |       |     1 ||     1
       Chunk             |       |     1 ||     1
Armor: Leather armour    |     5 |    14 ||    19
Dodge: Dodged            |    12 |    59 ||    71
